 Dungeon Crawl Stone Soup version 0.32-a0-886-g41c5271027 (webtiles) character file.

Game seed: 11014278884034366294

305707 Vulpy the Conqueror (level 20, -6/216 HPs)
             Began as a Minotaur Berserker on Mar 27, 2024.
             Was a High Priest of Trog.
             Mangled by garrulousMonolith's ghost (17 damage)
             ... on level 3 of the Vaults on Apr 2, 2024.
             The game lasted 07:16:08 (50722 turns).

Vulpy the Conqueror (Minotaur Berserker)           Turns: 50722, Time: 07:16:09

Health: -6/216     AC: 36    Str: 36    XL:     20   Next: 29%
Magic:  0/19       EV: 12    Int:  9    God:    Trog [*****.]
Gold:   2459       SH: 20    Dex: 11    Spells: 19/19 levels left

rFire   + . .        D - +12 broad axe "Puik" {flame, +Blink rN+}
rCold   . . .        S - +2 tower shield
rNeg    + + +        A - +0 gold dragon scales of Muttered Phrases {rPois rF+ rC+ Str+3 Int+5 Dex-2}
rPois   +            B - +2 hat
rElec   .            R - +1 cloak {Stlth+}
rCorr   +            W - +2 pair of gloves {infuse}
SInv    +            x - +2 pair of boots "Hipufoto" {rPois SInv Clar}
Will    +++..        Q - amulet of the acrobat Stlth
                     b - ring "Hipizaw" {rC- rN+ EV+5 Str+5}
HPRegen 1.56/turn    M - ring of Balance {+Blink rN+ rCorr}
MPRegen 0.16/turn

%: acrobat, clarity
@: lethally poisoned (-6 -> -6), on fire, about to teleport, strong-willed
(expiring), on blink cooldown, regenerating (expiring), glowing
A: horns 2, retaliatory headbutt, see invisible
}: 2/15 runes: decaying, gossamer
a: Renounce Religion, Evoke Blink, Berserk, Trog's Hand, Brothers in Arms


You were on level 3 of the Vaults.
You worshipped Trog.
Trog was extremely pleased with you.
You visited 7 branches of the dungeon, and saw 37 of its levels.

You collected 4202 gold pieces.
You spent 1743 gold pieces at shops.

Inventory:

Hand Weapons
 a - a +3 executioner's axe
 g - a +8 antimagic battleaxe
 o - a +0 war axe of flaming
 D - the +12 broad axe "Puik" (weapon) {flame, +Blink rN+}
   (Trog gifted it to you on level 1 of the Elven Halls)

   rN+:       It protects you from negative energy.
   +Blink:    It lets you blink.
 I - the +0 broad axe of the Mind {freeze, rCorr Int+3}
   (You found it on level 2 of the Lair of Beasts)

   Int+3:     It affects your intelligence (+3).
   rCorr:     It protects you from acid and corrosion.
Missiles
 h - 2 throwing nets
 s - 2 atropa-tipped darts
 L - 3 javelins (quivered)
 O - a silver javelin
Armour
 x - the +2 pair of boots "Hipufoto" (worn) {rPois SInv Clar}
   (You bought it in a shop on level 2 of the Elven Halls)

   rPois:     It protects you from poison.
   SInv:      It lets you see invisible.
   Clar:      It protects you from confusion, rage, mesmerisation and fear.
 A - the +0 gold dragon scales of Muttered Phrases (worn) {rPois rF+ rC+ Str+3 Int+5 Dex-2}
   (You acquired it on level 7 of the Dungeon)

   Str+3:     It affects your strength (+3).
   Int+5:     It affects your intelligence (+5).
   Dex-2:     It affects your dexterity (-2).
   rF+:       It protects you from fire.
   rC+:       It protects you from cold.
   rPois:     It protects you from poison.
 B - a +2 hat (worn)
 K - the +0 ring mail "Tomoplue" {+Inv}
   (You found it on level 2 of the Elven Halls)

   +Inv:      It lets you turn invisible.
 R - a +1 cloak of stealth (worn)
 S - a +2 tower shield (worn)
 W - a +2 pair of gloves of infusion (worn)
Jewellery
 b - the ring "Hipizaw" (left hand) {rC- rN+ EV+5 Str+5}
   (You acquired it on level 5 of the Lair of Beasts)

   [ring of evasion]

   EV+5:      It affects your evasion (+5).
   Str+5:     It affects your strength (+5).
   rC-:       It makes you vulnerable to cold.
   rN+:       It protects you from negative energy.
 n - a ring of flight
 r - the ring of Duroly {Ice ^Contam rElec Int+4 Dex+8}
   (You took it off an orc knight on level 1 of the Orcish Mines)

   [ring of ice]

   Ice:       It enhances your ice magic.
   Int+4:     It affects your intelligence (+4).
   Dex+8:     It affects your dexterity (+8).
   rF-:       It makes you vulnerable to fire.
   rC+:       It protects you from cold.
   rElec:     It insulates you from electricity.
   ^Contam:   It causes magical contamination when unequipped.
 M - the ring of Balance (right hand) {+Blink rN+ rCorr}
   (You bought it in a shop on level 9 of the Dungeon)

   [ring of resist corrosion]

   rN+:       It protects you from negative energy.
   +Blink:    It lets you blink.
   rCorr:     It protects you from acid and corrosion.
 N - the ring "Gets" {rCorr Str+3 SInv}
   (You took it off a deep elf high priest on level 3 of the Elven Halls)

   [ring of see invisible]

   Str+3:     It affects your strength (+3).
   SInv:      It lets you see invisible.
   rCorr:     It protects you from acid and corrosion.
 Q - an amulet of the acrobat (around neck)
 X - the ring of the Tortoise {AC+8}
   (You took it off a deep elf knight on level 3 of the Elven Halls)

   [ring of protection]

   AC+8:      It affects your AC (+8).
Wands
 f - a wand of flame (63)
 m - a wand of digging (29)
 p - a wand of iceblast (3)
 E - a wand of polymorph (4)
 T - a wand of paralysis (25)
Scrolls
 j - 2 scrolls of revelation
 k - 4 scrolls of poison
 l - 5 scrolls of immolation
 q - 3 scrolls of fog
 t - 4 scrolls of fear
 u - 2 scrolls of enchant weapon
 w - a scroll of torment
 y - a scroll of blinking
 z - 4 scrolls of teleportation
 C - 5 scrolls of butterflies
 H - 2 scrolls of brand weapon
 J - a scroll of vulnerability
 P - a scroll of silence
Potions
 c - 3 potions of curing
 d - 6 potions of ambrosia
 e - 6 potions of lignification
 i - 6 potions of magic
 v - 5 potions of attraction
 F - 2 potions of berserk rage
 G - 10 potions of mutation
 U - a potion of might


   Skills:
 O Level 27 Fighting
 * Level 23.4 Axes
 - Level 5.0 Throwing
 + Level 20.9 Armour
 - Level 2.1 Dodging
 + Level 16.9 Shields
 - Level 5.2 Evocations


You had 19 spell levels left.
You didn't know any spells.
Your spell library was empty.

Dungeon Overview and Level Annotations

Branches:
Dungeon (15/15)            Temple (0/1) D:6            Lair (5/5) D:11
  Swamp (4/4) Lair:2       Spider (4/4) Lair:2          Orc (2/2) D:12
    Elf (3/3) Orc:2        Vaults (4/5) D:13          Crypt (0/3) Vaults:3
 Depths (0/4) D:15
  Slime: Lair:4-5

Altars:
Cheibriados
Dithmenos
Kikubaaqudgha
Nemelex Xobeh
Qazlal
Ru
Sif Muna
Trog
Vehumet
Wu Jian
Xom
Yredelemnul
The Shining One
Beogh
Jiyva

Shops:
D:9 *   D:10 [   Orc:1 (   Orc:2 [=*(   Elf:1 [   Elf:2 [*   Vaults:1 (

Portals:
Trove: D:10 (give 2 scrolls of acquirement)

Annotations:
D:4 3 runed translucent doors, Merkmiralles's ghost, amateur MiBe
D:6 2 transporters
D:7 2 transporters, Villent's ghost, novice MiFi
D:12 exclusion: 2 downstairs
Lair:4 exclusion: oklob plant
Swamp:1 3 runed translucent doors, Lafaurph's ghost, adept DECj
Swamp:3 exclusion: downstairs
Elf:2 3 runed translucent doors, Saint Roka
Elf:3 2 runed translucent doors, confidenceinterval's ghost, adept MfAl
Vaults:3 Droegar's ghost, adept MiBe; garrulousMonolith's ghost, veteran GnFi


Innate Abilities, Weirdness & Mutations

You have a pair of horns on your head.
You reflexively headbutt those who attack you in melee.
You have supernaturally acute eyesight. (SInv)


Message History

The liquid fire burns you!
* * * LOW HITPOINT WARNING * * *
You feel sick.
* * * LOW HITPOINT WARNING * * *
You are more poisoned.
GarrulousMonolith's ghost's toxic aura wanes.
You block Droegar's ghost's attack.
Okay, then.
Unknown command.
You blink.
The liquid fire burns you!
* * * LOW HITPOINT WARNING * * *
You feel sick.
As you read the scroll of teleportation, it crumbles to dust.
You feel strangely unstable. The liquid fire burns you!
* * * LOW HITPOINT WARNING * * *
You feel very sick. Droegar's ghost hits you!!
* * * LOW HITPOINT WARNING * * *
You feel your power leaking away.
You feel better. The liquid fire burns you!
* * * LOW HITPOINT WARNING * * *
Droegar's ghost barely misses you.
GarrulousMonolith's ghost casts a spell.
GarrulousMonolith's ghost begins to radiate toxic energy.
* * * LOW HITPOINT WARNING * * *
You are poisoned.
Okay, then.
Okay, then.
You slash garrulousMonolith's ghost!
Your headbutt misses garrulousMonolith's ghost.
GarrulousMonolith's ghost is almost destroyed.
You slice Droegar's ghost!! The liquid fire burns you!
* * * LOW HITPOINT WARNING * * *
You feel the effects of Trog's Hand fading.
You feel sick. GarrulousMonolith's ghost hits you!
You die...

#....................#
#....................#
#....................#
#....................#
#....#####...........#
+#####....### ##..........#
.........###[#####.......^#
######...###:.#..+........#
.....'..###:..#.@#........#
.....#..####⌠.'WW'........#
.....#..##[._.'..'........#
.....#..####⌠.'..#........#
.....#..###"..#..#........#
.....#...###..#..'........#
.....#...###[#####........#
######....### ##..........#
..........#####...........#


You could see Droegar's ghost and garrulousMonolith's ghost (toxic aura).

Vanquished Creatures
  A dread lich (Vaults:3)
  An ancient lich (Vaults:3)
  Bai Suzhen (Elf:3)
  Arachne (Spider:3)
  Jorgrun (Spider:3)
  Rupert (D:13)
  3 deep elf blademasters (Elf:3)
  A lich (Vaults:3)
  3 deep elf master archers (Elf:3)
  A thorn hunter (Swamp:3)
  Kirke (Swamp:1)
  A sphinx (Vaults:2)
  A shadow dragon (Vaults:3)
  Donald (Elf:3)
  A tengu reaver (Vaults:4)
  An emperor scorpion (Spider:2)
  3 vault wardens
  6 deep elf sorcerers (Elf:3)
  5 ironbound preservers
  4 ghost moths
  4 orc warlords
  4 deep elf elementalists
  3 ghouls (Swamp:3)
  4 ironbound thunderhulks
  3 broodmothers
  The ghost of Olymoi Suwu the Metamorph, a journeyman DrSh of Makhleb (Orc:1)
  A stone giant (Vaults:3)
  2 deep elf death magi (Elf:3)
  6 eleionomae
  6 deep elf annihilators (Elf:3)
  4 deep elf demonologists (Elf:3)
  4 dire elephants (Vaults:1)
  9 spark wasps
  Azrael (Spider:3)
  2 bunyips
  6 yaktaur captains
  3 deep elf high priests (Elf:3)
  4 entropy weavers
  2 vault guards
  A shambling mangrove (Swamp:4)
  Harold (Lair:2)
  A ghost crab (Swamp:4)
  Erolcha (Orc:2)
  Erica (D:8)
  A great orb of eyes (D:13)
  A merfolk avatar (Lair:5)
  17 hydras
  5 ironbound frosthearts
  A death knight (D:15)
  6 radroaches
  9 alligators
  13 centaur warriors
  A jorogumo (Spider:3)
  6 boulder beetles
  11 dancing weapons
  4 two-headed ogres
  A vampire mage (D:15)
  A death scarab (Spider:2)
  6 demonic crawlers
  A tengu warrior (D:13)
  7 death yaks
  2 orc high priests
  10 deep elf knights
  2 skysharks
  6 skeletal warriors
  4 goliath frogs
  A storm dragon skeleton (D:15)
  5 pharaoh ants
  2 spriggan druids
  A spark wasp zombie (D:15)
  A sun moth (Spider:2)
  A sea snake (Lair:5)
  8 deep elf archers
  8 deep trolls (Vaults:4)
  8 bog bodies
  2 tengu zombies
  9 swamp dragons
  7 orb spiders
  4 steelbarb worms
  A harpy (Lair:5)
  2 arcanists
  A phantasmal warrior (D:15)
  A thermic dynamo (Elf:1)
  2 ironbound convokers
  An obsidian bat (Orc:2)
  7 lindwurms
  8 orc knights
  31 deep elf pyromancers
  21 deep elf zephyrmancers
  15 ugly things
  3 necromancers
  A frost giant zombie (Vaults:1)
  A stone giant zombie (Vaults:1)
  10 will-o-the-wisps
  5 orc sorcerers
  19 wolf spiders
  4 cyclopes
  4 manticores
  7 moths of wrath
  A fire giant skeleton (Vaults:1)
  7 meliai
  12 vault sentinels
  4 black mambas
  A rust devil (D:13)
  2 centaur zombies (D:12)
  An orange demon (D:13)
  8 spectral spriggans (Swamp:3)
  A torpor snail (shapeshifter) (Elf:1)
  6 torpor snails
  13 cane toads
  2 unseen horrors
  2 gargoyles
  10 komodo dragons
  9 rime drakes
  A tengu conjurer (D:13)
  5 freezing wraiths
  An ice devil (D:13)
  17 yaktaurs
  2 red devils (D:13)
  2 human skeletons
  4 tyrant leeches
  4 trolls
  2 hellwings (D:13)
  4 polar bears (Lair:5)
  16 hornets
  A wind drake (Lair:5)
  39 tarantellas
  Prince Ribbit (D:5)
  A raiju (shapeshifter) (D:13)
  An ettin zombie (Vaults:3)
  4 dream sheep (Lair:1)
  11 blink frogs
  24 slime creatures
  24 jumping spiders
  An air elemental (Elf:1)
  5 wraiths
  24 culicivoras
  An ettin skeleton (Vaults:3)
  60 yaks
  14 spriggans
  6 wyverns
  2 water elementals
  5 hogs
  A warg (shapeshifter) (D:14)
  A golden eye (Lair:5)
  16 humans
  5 wargs
  4 basilisks
  5 fire elementals
  3 steam dragons
  2 chaos spawn (D:13)
  52 redbacks
  17 vampire mosquitoes
  14 swamp worms
  17 water moccasins
  A hell hound (Spider:3)
  2 acid dragons
  32 orc warriors
  2 swamp drakes (Swamp:4)
  4 ice beasts
  5 black bears
  2 sky beasts
  10 ogres
  18 wolves
  A crocodile (shapeshifter) (D:14)
  5 centaurs
  An elf simulacrum (Vaults:3)
  2 phantoms (D:5)
  A kobold brigand (D:8)
  9 bullfrogs
  5 scorpions
  4 wights (D:6)
  7 killer bees
  11 electric eels
  9 howler monkeys
  7 hounds
  19 orc priests
  A jelly (D:6)
  A gnoll bouda (D:4)
  A sleepcap (D:7)
  Jessica (D:2)
  7 iguanas
  27 orc wizards
  Natasha (twice) (D:3)
  7 hell rats (Lair:4)
  9 gnolls
  9 adders
  A shadow imp (D:7)
  6 ufetubi
  A dart slug (D:1)
  A ribbon worm (D:3)
  58 orcs
  7 endoplasms
  8 giant cockroaches
  5 goblins
  2 hobgoblins
  2 jackals (D:3)
  3 quokkas
  5 ball pythons
  A bat (D:1)
  8 frilled lizards
  13 kobolds
  4 rats
1273 creatures vanquished.

Vanquished Creatures (collateral kills)
  Frances (D:14)
  An orc knight (Orc:1)
  A tarantella (Spider:3)
  A jumping spider (Spider:3)
  A warg (Orc:1)
  2 hell hounds (Spider:3)
  An orc warrior (Orc:1)
  2 orcs (Orc:1)
10 creatures vanquished.

Vanquished Creatures (others)
  An orb spider (Spider:3)
  A deep elf zephyrmancer (Elf:2)
  Maurice (D:10)
  3 bloated husks (Swamp:3)
  2 hornets (Swamp:4)
  An orc (Orc:1)
  64 foxfires
73 creatures vanquished.

Grand Total: 1356 creatures vanquished

Notes
Turn   | Place    | Note
-------+----------+-------------------------------------------
     0 | D:1      | Vulpy the Minotaur Berserker began the quest for the Orb.
     0 | D:1      | Reached XP level 1. HP: 19/19 MP: 0/0
   160 | D:1      | Reached XP level 2. HP: 24/27 MP: 1/1
   299 | D:1      | Reached skill level 4 in Fighting
   498 | D:1      | Reached ** piety under Trog
   819 | D:1      | Reached XP level 3. HP: 10/33 MP: 2/2
  1298 | D:2      | Noticed Jessica
  1305 | D:2      | Killed Jessica
  1306 | D:2      | Reached skill level 5 in Axes
  1355 | D:2      | Reached XP level 4. HP: 25/41 MP: 3/3
  2127 | D:3      | Noticed an ogre
  2142 | D:3      | Killed an ogre
  2143 | D:3      | Reached skill level 5 in Fighting
  2143 | D:3      | Reached XP level 5. HP: 48/48 MP: 4/4
  2220 | D:3      | Noticed an ogre
  2232 | D:3      | Killed an ogre
  2233 | D:3      | Reached XP level 6. HP: 7/56 MP: 5/5
  2531 | D:3      | Noticed a golden eye
  2533 | D:3      | Found a faded altar of an unknown god.
  2539 | D:3      | Noticed a golden eye
  2569 | D:3      | Noticed a golden eye
  2575 | D:3      | Noticed a golden eye
  2865 | D:3      | Noticed Natasha
  2877 | D:3      | Killed Natasha
  3119 | D:3      | Noticed Natasha
  3136 | D:3      | Killed Natasha
  3137 | D:3      | Reached skill level 6 in Fighting
  3631 | D:4      | Found a runed translucent gate.
  3635 | D:4      | Found a runed translucent gate.
  3635 | D:4      | Found a runed translucent gate.
  3635 | D:4      | Noticed a yak
  3635 | D:4      | Noticed Merkmiralles's ghost (amateur MiBe)
  3711 | D:4      | Reached XP level 7. HP: 41/63 MP: 6/6
  3933 | D:4      | Reached skill level 1 in Throwing
  4130 | D:5      | Entered Level 5 of the Dungeon
  4184 | D:5      | Noticed Prince Ribbit
  4207 | D:5      | Killed Prince Ribbit
  4341 | D:5      | Reached skill level 7 in Fighting
  4342 | D:5      | Reached XP level 8. HP: 45/73 MP: 7/7
  4633 | D:5      | Reached skill level 10 in Axes
  4653 | D:5      | Found a shadowy altar of Dithmenos.
  4653 | D:5      | Found a sparkling altar of Nemelex Xobeh.
  4984 | D:5      | Reached skill level 8 in Fighting
  5406 | D:6      | Found a shimmering altar of Xom.
  5406 | D:6      | Found a bloodstained altar of Trog.
  5445 | D:6      | Found a transporter.
  5546 | D:6      | Found a staircase to the Ecumenical Temple.
  5631 | D:6      | Reached XP level 9. HP: 77/82 MP: 8/8
  5797 | D:6      | Found a transporter.
  5854 | D:6      | Reached skill level 9 in Fighting
  6358 | D:7      | Identified 2 scrolls of acquirement
  6359 | D:7      | Acquired a manual of Axes
  6363 | D:7      | Found a transporter.
  6363 | D:7      | Noticed Villent's ghost (novice MiFi)
  6364 | D:7      | Acquired the +0 gold dragon scales of Muttered Phrases
                  | {rPois rF+ rC+ Str+3 Int+5 Dex-2}
  6379 | D:7      | Found a transporter.
  7348 | D:7      | Reached skill level 10 in Fighting
  7593 | D:8      | Noticed Erica
  7608 | D:8      | Killed Erica
  7609 | D:8      | Reached skill level 15 in Axes
  7889 | D:8      | Noticed a komodo dragon
  7891 | D:8      | Reached XP level 10. HP: 94/94 MP: 9/9
  8595 | D:8      | Reached *** piety under Trog
  8631 | D:8      | Found an ornate altar of the Wu Jian Council.
  8856 | D:8      | Noticed a two-headed ogre
  8859 | D:8      | Killed a two-headed ogre
  8860 | D:8      | Reached skill level 11 in Fighting
  9534 | D:9      | Found a stormy altar of Qazlal.
  9601 | D:9      | Found Dysimp Uthrill's General Store.
  9612 | D:9      | Bought the ring of Balance {+Blink rN+ rCorr} for 458 gold
                  | pieces
  9637 | D:9      | Reached skill level 1 in Evocations
  9758 | D:9      | Found a snail-covered altar of Cheibriados.
  9759 | D:9      | Noticed a brown ugly thing
  9771 | D:9      | Killed a brown ugly thing
 10042 | D:9      | Reached skill level 12 in Fighting
 10042 | D:9      | Reached XP level 11. HP: 103/104 MP: 10/10
 10186 | D:9      | Found an ancient bone altar of Kikubaaqudgha.
 10199 | D:9      | Found a shimmering blue altar of Sif Muna.
 10235 | D:9      | Found a radiant altar of Vehumet.
 10805 | D:10     | Entered Level 10 of the Dungeon
 11154 | D:10     | Noticed Maurice
 11176 | D:10     | Killed Maurice
 11208 | D:10     | Found a sacrificial altar of Ru.
 11256 | D:10     | Found Tetsec's Antique Armour Emporium.
 11354 | D:10     | Reached skill level 5 in Armour
 11364 | D:10     | Reached **** piety under Trog
 11600 | D:10     | Found a portal to a secret trove of treasure.
 11607 | D:10     | Upgraded the game from 0.32-a0-842-gbbb8fdbe59 to
                  | 0.32-a0-861-g165e151e72
 11897 | D:11     | You fall into a shaft and drop 2 floors!
 11919 | D:13     | Noticed a deep elf pyromancer
 11931 | D:13     | Noticed a centaur warrior
 11945 | D:13     | Killed a centaur warrior
 11998 | D:13     | Noticed a tengu warrior
 12015 | D:13     | Killed a tengu warrior
 12131 | D:13     | Reached skill level 13 in Fighting
 12664 | D:13     | Reached XP level 12. HP: 107/115 MP: 11/11
 12703 | D:12     | Found a staircase to the Orcish Mines.
 12894 | D:12     | Reached skill level 5 in Evocations
 13202 | D:11     | Reached skill level 14 in Fighting
 13256 | D:11     | Noticed a two-headed ogre
 13263 | D:11     | Killed a two-headed ogre
 13397 | D:11     | Found a staircase to the Lair.
 14116 | Lair:1   | Entered Level 1 of the Lair of Beasts
 14461 | Lair:1   | Reached skill level 15 in Fighting
 15133 | Lair:2   | Noticed Harold
 15149 | Lair:2   | Killed Harold
 15192 | Lair:2   | Found a hole to the Spider Nest.
 15252 | Lair:2   | Noticed a death yak
 15296 | Lair:2   | Reached skill level 16 in Fighting
 15302 | Lair:2   | Noticed a death yak
 15331 | Lair:2   | Killed a death yak
 15333 | Lair:2   | Reached ***** piety under Trog
 15347 | Lair:2   | Noticed a death yak
 15352 | Lair:2   | Killed a death yak
 15361 | Lair:2   | Killed a death yak
 15367 | Lair:2   | Reached XP level 13. HP: 88/130 MP: 12/12
 15905 | Lair:2   | Reached skill level 10 in Armour
 15916 | Lair:2   | Reached skill level 17 in Fighting
 15971 | Lair:2   | Found a staircase to the Swamp.
 17557 | Lair:4   | Found a viscous altar of Jiyva.
 17836 | Lair:3   | Reached skill level 18 in Fighting
 18015 | Lair:3   | You fall into a shaft and drop 1 floor!
 19143 | Lair:2   | Identified the +0 broad axe of the Mind {freeze, rCorr
                  | Int+3}
 19642 | Lair:5   | Entered Level 5 of the Lair of Beasts
 19882 | Lair:5   | HP: 4/136 [poisoned by a sea snake]
 19901 | Lair:5   | Received a gift from Trog
 19995 | Lair:5   | Reached XP level 14. HP: 50/144 MP: 13/13
 20039 | Lair:5   | Reached skill level 19 in Fighting
 20420 | Lair:5   | Reached skill level 5 in Throwing
 21090 | Lair:5   | Identified the +7 flail "Nipniall" {drain, rPois rC++
                  | Stlth+}
 21937 | D:12     | Reached skill level 20 in Fighting
 22709 | D:12     | Found a basalt altar of Yredelemnul.
 22976 | D:12     | Found a roughly hewn altar of Beogh.
 23126 | D:13     | Noticed Rupert
 23126 | D:13     | Found a gate to the Vaults.
 23394 | D:13     | Killed Rupert
 23395 | D:13     | Reached skill level 1 in Shields
 23754 | D:13     | Acquired the ring "Hipizaw" {rC- rN+ EV+5 Str+5}
 23783 | D:13     | Received a gift from Trog
 24251 | D:14     | Reached skill level 21 in Fighting
 24277 | D:14     | Found a gate leading to a gauntlet.
 24615 | D:14     | Noticed Frances
 24622 | D:14     | Killed Frances
 24623 | D:14     | Reached XP level 15. HP: 158/158 MP: 14/14
 24801 | D:15     | Entered Level 15 of the Dungeon
 25081 | D:15     | Found a staircase to the Depths.
 25387 | D:15     | Reached skill level 5 in Shields
 25763 | D:15     | Identified the +5 glaive of a Labyrinth {chaos, rCorr}
 26083 | Orc:1    | Entered Level 1 of the Orcish Mines
 26083 | Orc:1    | Found Kaudum's Weapon Shoppe.
 26233 | Orc:1    | Found a runed translucent gate.
 26235 | Orc:1    | Found a runed translucent gate.
 26236 | Orc:1    | Found a runed translucent gate.
 26240 | Orc:1    | Noticed Olymoi Suwu's ghost (journeyman DrSh)
 26518 | Orc:1    | Reached skill level 22 in Fighting
 26854 | Orc:1    | Found a roughly hewn altar of Beogh.
 27360 | Orc:1    | Identified the ring of Duroly {Ice ^Contam rElec Int+4
                  | Dex+8}
 27473 | Orc:1    | Found a roughly hewn altar of Beogh.
 27520 | Orc:1    | Killed Olymoi Suwu's ghost
 27691 | Orc:2    | Entered Level 2 of the Orcish Mines
 27772 | Orc:2    | Reached skill level 15 in Armour
 27862 | Orc:2    | Noticed Erolcha
 27872 | Orc:2    | Killed Erolcha
 28011 | Orc:2    | Found a roughly hewn altar of Beogh.
 28074 | Orc:2    | Found Zuheito's Jewellery Shoppe.
 28102 | Orc:2    | Found Sofoh's General Store.
 28106 | Orc:2    | Found Gyucsatz's Antique Armour Shoppe.
 28151 | Orc:2    | Found Roji's Antique Weapon Shoppe.
 28174 | Orc:2    | Bought a pair of embroidered boots for 232 gold pieces
 28201 | Orc:2    | Bought 2 scrolls of identify for 56 gold pieces
 28289 | Orc:2    | Found a staircase to the Elven Halls.
 28993 | Swamp:1  | Entered Level 1 of the Swamp
 28996 | Swamp:1  | Noticed Kirke
 29000 | Lair:2   | Upgraded the game from 0.32-a0-861-g165e151e72 to
                  | 0.32-a0-870-g877066f4b4
 29048 | Spider:1 | Entered Level 1 of the Spider Nest
 29250 | Spider:1 | Reached XP level 16. HP: 171/171 MP: 3/15
 29416 | Spider:1 | Reached skill level 23 in Fighting
 31575 | Spider:2 | Received a gift from Trog
 32250 | Spider:3 | Reached skill level 24 in Fighting
 32250 | Spider:3 | Reached skill level 10 in Shields
 32254 | Spider:3 | Noticed Arachne
 32265 | Spider:3 | Killed Arachne
 32492 | Spider:3 | Noticed Jorgrun
 32539 | Spider:3 | Killed Jorgrun
 32666 | Spider:3 | Noticed Azrael
 32761 | Spider:3 | Killed Azrael
 33467 | Spider:4 | Entered Level 4 of the Spider Nest
 33624 | Spider:4 | Received a gift from Trog
 33721 | Spider:4 | Reached XP level 17. HP: 146/183 MP: 6/16
 34655 | Spider:4 | Reached skill level 25 in Fighting
 35257 | Spider:4 | Got a gossamer rune of Zot
 35738 | Swamp:1  | Killed Kirke
 35758 | Swamp:1  | Found a runed translucent gate.
 35758 | Swamp:1  | Found a runed translucent gate.
 35758 | Swamp:1  | Found a runed translucent gate.
 35758 | Swamp:1  | Noticed Lafaurph's ghost (adept DECj)
 36093 | Swamp:1  | Paralysed by a hornet for 1 turns
 36605 | Swamp:1  | Identified the +9 hand axe "Julech" {flame, rF- rCorr
                  | Str+7} (Trog gifted it to you on level 1 of the Swamp)
 36605 | Swamp:1  | Received a gift from Trog
 38072 | Swamp:3  | Identified the +5 ring mail "Buish" {rF+ Str+6 Stlth+}
 38220 | Swamp:3  | Reached skill level 26 in Fighting
 38544 | Swamp:3  | Reached XP level 18. HP: 196/196 MP: 11/17
 38806 | Swamp:3  | Identified the +5 triple sword of Uskayaw's Condemnation
                  | {vamp, rN+ Dex-4 SInv}
 39160 | Swamp:4  | Entered Level 4 of the Swamp
 39470 | Swamp:3  | Upgraded the game from 0.32-a0-870-g877066f4b4 to
                  | 0.32-a0-872-g59262bdc9b
 39789 | Swamp:4  | Got a decaying rune of Zot
 40082 | Elf:1    | Entered Level 1 of the Elven Halls
 40481 | Elf:1    | Gained mutation: You have supernaturally acute eyesight.
                  | (SInv) [mutagenic glow]
 40947 | Elf:1    | Reached skill level 27 in Fighting
 40966 | Elf:1    | Found Huynul's Antique Armour Shop.
 41147 | Elf:1    | Identified the +12 broad axe "Puik" {flame, +Blink rN+}
                  | (Trog gifted it to you on level 1 of the Elven Halls)
 41147 | Elf:1    | Received a gift from Trog
 41591 | Elf:1    | Bought a pair of glowing gloves for 195 gold pieces
 42045 | Elf:2    | Found Echoto's Antique Armour Boutique.
 42054 | Elf:2    | Bought a pair of embroidered gloves for 232 gold pieces
 42118 | Elf:2    | Found a runed translucent gate.
 42118 | Elf:2    | Found a runed translucent gate.
 42118 | Elf:2    | Found a runed translucent gate.
 42175 | Elf:2    | Found Goczuir's Clear Minds Boutique.
 42191 | Elf:2    | Bought the +2 pair of boots "Hipufoto" {rPois SInv Clar}
                  | for 570 gold pieces
 42269 | Elf:2    | HP: 8/200 [deep elf blademaster/+0 short sword (3)]
 42732 | Elf:2    | Noticed Saint Roka
 42911 | Elf:2    | Identified the +0 ring mail "Tomoplue" {+Inv}
 43047 | Elf:3    | Entered Level 3 of the Elven Halls
 43047 | Elf:3    | Noticed Donald
 43062 | Elf:3    | Killed Donald
 43415 | Elf:3    | Noticed Bai Suzhen
 43434 | Elf:3    | Killed Bai Suzhen
 43942 | Elf:3    | Found a large runed translucent door.
 43944 | Elf:3    | Found a large runed translucent door.
 43946 | Elf:3    | Noticed confidenceinterval's ghost (adept MfAl)
 44063 | Elf:3    | Reached XP level 19. HP: 207/207 MP: 16/18
 44902 | Elf:3    | Reached skill level 15 in Shields
 44922 | Elf:3    | Received a gift from Trog
 45150 | Elf:3    | Identified the ring "Gets" {rCorr Str+3 SInv}
 45172 | Elf:3    | Identified the +0 war axe "Cuniw" {flame, Str+3}
 45196 | Elf:3    | Identified the +1 executioner's axe of Sisugro {flame,
                  | +Blink rC- Str+3}
 45196 | Elf:3    | Identified the +0 plate armour of Incorporation {Harm rC+
                  | Will- Regen+}
 45771 | Elf:3    | Identified the amulet "Danyarch" {Faith Harm ^Fragile rPois
                  | rC+}
 46074 | Vaults:1 | Entered Level 1 of the Vaults
 46446 | Vaults:1 | Upgraded the game from 0.32-a0-872-g59262bdc9b to
                  | 0.32-a0-876-gcfddb08e57
 47001 | Vaults:1 | Identified the +1 ring mail of Bifaeg {Dex+3}
 47038 | Vaults:1 | Received a gift from Trog
 47823 | Vaults:1 | Found Ubyulua's Antique Weapon Boutique.
 47931 | Vaults:1 | Found a glowing golden altar of the Shining One.
 48806 | Vaults:2 | Upgraded the game from 0.32-a0-876-gcfddb08e57 to
                  | 0.32-a0-886-g41c5271027
 48832 | Vaults:2 | You fall into a shaft and drop 2 floors!
 48999 | Vaults:4 | Received a gift from Trog
 49053 | Vaults:4 | Reached XP level 20. HP: 216/216 MP: 3/19
 50281 | Vaults:3 | Found a runed translucent gate.
 50281 | Vaults:3 | Found a runed translucent gate.
 50281 | Vaults:3 | Noticed a dread lich
 50281 | Vaults:3 | Noticed garrulousMonolith's ghost (veteran GnFi)
 50282 | Vaults:3 | Found a runed translucent gate.
 50282 | Vaults:3 | Found an ancient bone altar of Kikubaaqudgha.
 50283 | Vaults:3 | Noticed an ancient lich
 50283 | Vaults:3 | Noticed Droegar's ghost (adept MiBe)
 50353 | Vaults:3 | Found a staircase to the Crypt.
 50407 | Vaults:3 | Killed an ancient lich
 50424 | Vaults:3 | Killed a dread lich
 50722 | Vaults:3 | Mangled by garrulousMonolith's ghost

Illustrated notes

Levels and vault maps discovered:
D:1:      erik_arrival_orb_chamber, layout_basic, roderic_st_hans_cross
D:2:      layout_basic, uniq_jessica
D:3:      layout_loops_corners, hellmonk_ecumenical_altar_watching_god,
          corexii_shack, corexii_corridor_pit, st_stairs_14,
          nrook_loot_triangle, uniq_natasha
D:4:      layout_loops_cross, gammafunk_ghost_split
D:5:      layout_basic, nicolae_overflow_two_pavilions, uniq_prince_ribbit1
D:6:      layout_gridville, gammafunk_temple_overflow_arena,
          minmay_temple_entry_large_hall
D:7:      layout_gridville, gammafunk_ghost_arena, fountainhead
D:8:      layout_loops_corners, lemuel_coloured_pillars_altar,
          minmay_lizard_king, uniq_erica
D:9:      layout_roguey, palyth_temple_overflow_mages, serial_shops,
          nicolae_shop_statue_plus, hangedman_feature_mirror
D:10:     layout_big_octagon, mainiacjoe_overflow_catwalk, serial_shops,
          nicolae_shop_stone, nicolae_trove_entry_columns, uniq_maurice
D:11:     layout_rooms, erik_lair_island, chequers_serial_rivers_room_b,
          minmay_misc_feat_hallway, chequers_serial_rivers_micro_e
D:12:     layout_stronghold, minmay_orc_entry_temple_small,
          lemuel_zombie_altar_yredelemnul
D:13:     layout_loops_ring, david_vaults_3, serial_demonic, serial_demonic_g,
          serial_demonic_a, serial_demonic_e, serial_demonic_b
D:14:     layout_basic, gauntlet_entry_generic, uniq_frances
D:15:     gammafunk_depths_entry_grave, layout_irregular_city,
          corexii_corridor_pit
Lair:1:   layout_regular_city, lemuel_fruit_tree
Lair:2:   cheibrodos_lair_overgrown_chateau, layout_small_grid,
          minmay_swamp_entry_reptiles, hellmonk_spider_entry_not_the_bees,
          uniq_harold
Lair:3:   layout_cave_shapes
Lair:4:   layout_gridlike, minmay_slime_entry_oklob_enclosed,
          lemuel_fruit_fields, grunt_megastairs_5
Lair:5:   gammafunk_lair_ancient_temple, layout_hall_layers,
          grunt_forest_large_clearing_hut
Swamp:1:  layout_falls_marsh, gammafunk_ghost_hydra_chop,
          nicolae_swamp_treefoil, uniq_kirke
Swamp:2:  layout_basic_swamp, serial_swamp_ruin, evilmike_swamp_ruin_rubble_1,
          evilmike_swamp_ruin_house_5
Swamp:3:  nicolae_swamp_flooded_prison, layout_basic_swamp,
          evilmike_swamp_ruin_house_2
Swamp:4:  swamp_alternative, layout_basic_swamp, infiniplex_staircase_pool
Spider:1: layout_spider_delve, nicolae_spider_webs_and_nodes
Spider:2: nicolae_spider_hilbert_zone_4 [nicolae_spider_hilbert_4_sides_2_open,
          nicolae_spider_hilbert_4_sides_1_open,
          nicolae_spider_hilbert_4_sides_1_open,
          nicolae_spider_hilbert_4_sides_1_open,
          nicolae_spider_hilbert_4_sides_1_open,
          nicolae_spider_hilbert_2_sides_1_open,
          nicolae_spider_hilbert_2_sides_1_open,
          nicolae_spider_hilbert_2_sides_1_open,
          nicolae_spider_hilbert_2_sides_1_open,
          nicolae_spider_hilbert_6_sides_1_open,
          nicolae_spider_hilbert_6_sides_1_open,
          nicolae_spider_hilbert_3_sides_1_open,
          nicolae_spider_hilbert_3_sides_1_open], nicolae_spider_bzzzt
Spider:3: layout_spider_delve, uniq_arachne, uniq_jorgrun, uniq_azrael
Spider:4: grunt_spider_rune_parallel, guppyfry_spider_mini_1
Orc:1:    layout_caves, biasface_ghost_orc_armoury, basic_altar, serial_shops,
          nicolae_shop_tiny_glass, nicolae_orc_pool_cavern
Orc:2:    grunt_orc_cross, layout_caves
Elf:1:    minmay_elf_arrival_circle, layout_loops_ring, serial_shops, shop,
          minmay_elf_crystal_hexagon
Elf:2:    nicolae_elf_blades_crystal_corner, layout_geoelf_octagon,
          serial_shops, nicolae_shop_tiny_waterfront, nicolae_clarity_for_sale,
          uniq_saint_roka
Elf:3:    minmay_elf_hall_furrowed, layout_geoelf_castle,
          ebering_ghost_disaster_area, uniq_donald, uniq_bai_suzhen
Vaults:1: vaults_room_fours, v_alt_pattern_3, lemuel_angel_altar,
          nicolae_vaults_double_plus_2, nicolae_vaults_little_ls,
          nicolae_vaults_frosty_reception, hangedman_vaults_capsules,
          nicolae_vaults_tetromino_Z_1, nicolae_vaults_two_Ls,
          layout_vaults_omnigrid, serial_shops, nicolae_shop_just_a_little_nook
Vaults:2: vaults_room_semicircle, hangedman_vaults_locks, v_pattern_4,
          nicolae_vaults_little_squares_3, vaults_room_fours,
          nicolae_vaults_cochlea, nicolae_vaults_little_squares_4,
          nicolae_vaults_little_squares_6, v_misc_8,
          nicolae_vaults_closet_pinwheel_4, nicolae_vaults_heist, v_rooms_2,
          nicolae_vaults_tangram_1, nicolae_vaults_oval_intersection,
          vaults_dpeg_hooks, nicolae_vaults_offset_grid_hallway_2,
          layout_vaults_omnibox
Vaults:3: gammafunk_ghost_crypt, nicolae_vaults_sealed_display,
          nicolae_vaults_network_s, nicolae_vaults_doubleplus_tesselated,
          minmay_crypt_entry_nasty_monster, nicolae_vaults_house_2,
          ontoclasm_vaults_twist, vaults_room_pool, layout_vaults_chaotic_city
Vaults:4: ontoclasm_vaults_bender, hangedman_vaults_corner,
          grunt_vaults_hallway_long, hangedman_vaults_variations,
          nicolae_vaults_heart-shaped_vault, vaults_room_hallway,
          nicolae_vaults_two_Ls, nicolae_vaults_heart-shaped_vault,
          nicolae_vaults_house_1, layout_vaults_omnicross

Skill      XL: |  1  2  3  4  5  6  7  8  9 10 11 12 13 14 15 16 17 18 19 20 |
---------------+-------------------------------------------------------------+-----
Axes           | 4 5 6 7 8 9 11 15 19 20 22 23 | 23.4
Fighting       | 4 5 6 7 8 10 12 13 16 18 21 22 24 26 27 | 27.0
Throwing       | 2 4 5 |  5.0
Armour         | 3 6 9 11 13 15 16 18 19 20 | 20.9
Evocations     | 1 4 5 |  5.2
Shields        | 3 8 10 12 14 16 | 16.9
Dodging        | |  2.1

Action                     |  1- 3 |  4- 6 |  7- 9 | 10-12 | 13-15 | 16-18 | 19-21 || total
---------------------------+-------+-------+-------+-------+-------+-------+-------++-------
  Melee: Hand axe          |    76 |   103 |   116 |       |       |       |       ||   295
         Headbutt          |    11 |    18 |    49 |    86 |   267 |   343 |   120 ||   894
         Battleaxe         |       |       |    92 |   441 |   216 |       |       ||   749
         Scimitar          |       |       |       |       |    56 |       |       ||    56
         Broad axe         |       |       |       |       |   780 |  1187 |   472 ||  2439
         War axe           |       |       |       |       |       |    41 |       ||    41
  Throw: Dart              |       |     3 |       |     6 |     2 |     4 |       ||    15
         Javelin           |       |     7 |    12 |    41 |    35 |    13 |     5 ||   113
         Throwing net      |       |       |       |       |     1 |     4 |       ||     5
 Invoke: Berserk           |     1 |     4 |     4 |     6 |     1 |     2 |       ||    18
         Trog's Hand       |       |     4 |     2 |     6 |    32 |     3 |    22 ||    69
         Brothers in Arms  |       |       |       |       |     4 |     3 |       ||     7
Ability: Evoke Blink       |       |       |       |     1 |     9 |     4 |     1 ||    15
  Evoke: Wand              |       |       |     4 |    15 |    36 |    43 |     8 ||   106
    Use: Scroll            |       |       |     8 |    13 |    18 |    22 |     2 ||    63
         Potion            |       |       |     2 |     5 |    16 |    19 |     2 ||    44
 Armour: Animal skin       |    17 |       |       |       |       |       |       ||    17
         Leather armour    |    21 |     9 |       |       |       |       |       ||    30
         Skin              |     2 |       |       |       |       |       |       ||     2
         Chain mail        |       |    19 |       |       |       |       |       ||    19
         Ring mail         |       |    29 |   111 |       |       |       |       ||   140
         Gold dragon scale |       |       |    75 |   415 |   930 |   890 |   179 ||  2489
  Dodge: Dodged            |    37 |    38 |    88 |    76 |   263 |   414 |    86 ||  1002
  Block: Tower shield      |       |       |       |       |   310 |  1088 |   274 ||  1672

Table legend: (Time is in decaauts)
 A = Elapsed time spent in this place.
 B = Non-inter-level travel time spent in this place.
 C = Inter-level travel time spent in this place.
 D = Time resting spent in this place.
 E = Time spent auto-exploring this place.
 F = Levels seen in this place.
 G = Mean time per level.
                   A        B        C        D        E       F      G
               +--------+--------+--------+--------+--------+-----+--------+
         Total |  50581 |  48545 |   2036 |  11219 |  16405 |  37 | 1367.1 |
       Dungeon |  19067 |  18166 |    901 |   4070 |   7231 |  15 | 1271.1 |
          Lair |   8018 |   7587 |    431 |   2293 |   2536 |   5 | 1603.6 |
         Swamp |   4321 |   4185 |    136 |   1020 |   1338 |   4 | 1080.2 |
   Spider Nest |   6319 |   6114 |    205 |   1439 |   2085 |   4 | 1579.8 |
  Orcish Mines |   3198 |   3032 |    166 |    923 |    942 |   2 | 1599.0 |
   Elven Halls |   5083 |   4887 |    196 |   1050 |    988 |   3 | 1694.3 |
        Vaults |   4572 |   4572 |      0 |    423 |   1284 |   4 | 1143.0 |
               +--------+--------+--------+--------+--------+-----+--------+

Top non-repeatable levels by time:
   Elf:3: 2863 daAuts
  Lair:2: 2619 daAuts
    D:12: 2589 daAuts
Vaults:1: 2083 daAuts
Spider:4: 2082 daAuts
Spider:2: 2052 daAuts
   Orc:2: 1947 daAuts
     D:7: 1778 daAuts
  Lair:5: 1651 daAuts
 Swamp:3: 1640 daAuts
   Elf:1: 1562 daAuts
    D:13: 1517 daAuts
     D:9: 1511 daAuts
Vaults:3: 1459 daAuts
  Lair:4: 1447 daAuts
